 Dungeon Crawl Stone Soup version 0.26.1-11-gd32895ea62 (webtiles) character file.

Game seed: 590805998824118756

564 ytrimaz the Covert (level 7, 0/33 HPs)
             Began as a Spriggan Brigand on Apr 16, 2021.
             Killed by divine providence
             ... invoked by an orc priest
              (13 damage)
             ... on level 5 of the Dungeon.
             The game lasted 00:16:28 (8052 turns).

ytrimaz the Covert (Spriggan Brigand)               Turns: 8052, Time: 00:16:28

Health: 0/33       AC:  3    Str:  7    XL:     7   Next: 10%
Magic:  8/8        EV: 36    Int: 13    God:
Gold:   395        SH:  0    Dex: 19    Spells: 6/6 levels left

rFire    . . .     SeeInvis +   a - +2 dagger
rCold    . . .     Faith    .   (shield restricted)
rNeg     . . .     Spirit   .   b - +0 robe
rPois    .         Reflect  .   (helmet restricted)
rElec    .         Harm     .   c - +0 cloak
rCorr    .         Rampage  .   (gloves unavailable)
Will     +....                  (boots unavailable)
Stlth    +++++.....             i - amulet of the acrobat
HPRegen  0.11/turn              (no ring)
MPRegen  0.11/turn              (no ring)

@: acrobat, very quick
A: very small, unfitting armour, see invisible, speed 3
a: no special abilities


You were on level 5 of the Dungeon.
You visited 1 branch of the dungeon, and saw 5 of its levels.

You collected 395 gold pieces.

Inventory:

Hand Weapons
 a - a +2 dagger (weapon)
Missiles
 h - a poisoned dart (quivered)
Armour
 b - a +0 robe (worn)
 c - a +0 cloak (worn)
Jewellery
 i - an amulet of the acrobat (around neck)
Wands
 l - a wand of random effects (18)
Scrolls
 d - 2 scrolls of remove curse
 e - 2 scrolls of blinking {unknown}
 f - a scroll of enchant armour {unknown}
 g - a scroll of amnesia
 k - 3 scrolls of identify
Potions
 j - 2 potions of curing
 m - a potion of heal wounds {unknown}
 n - a potion of flight {unknown}
 o - a potion of attraction {unknown}
 p - a potion of brilliance {unknown}


   Skills:
 - Level 1.5 Fighting
 + Level 3.9 Short Blades
 * Level 3.3 Throwing
 * Level 5.4 Dodging
 * Level 9.9 Stealth


You had 6 spell levels left.
You didn't know any spells.
Your spell library contained the following spells:

 Spells                   Type           Power        Failure   Level
 Magic Dart               Conj           0%           30%         1
 Blink                    Tloc           N/A          43%         2
 Call Imp                 Summ           0%           43%         2
 Slow                     Hex            0%           43%         2
 Conjure Flame            Conj/Fire      0%           67%         3
 Mephitic Cloud           Conj/Pois/Air  0%           67%         3


Dungeon Overview and Level Annotations

Branches:
Dungeon (5/15)
 Temple: D:4-7

Altars:
Elyvilon
Hepliaklqana
Qazlal
Ru
Uskayaw
Vehumet
Wu Jian
Xom
The Shining One

Annotations:
D:4 1 runed translucent door, Crazy Yiuf


Innate Abilities, Weirdness & Mutations

You are very small and have problems with some larger weapons.
You are too small for most types of armour.
You have supernaturally acute eyesight. (SInv)
You cover ground extremely quickly.


Message History

The centaur hits you.
* * * LOW HITPOINT WARNING * * *
You hit the quokka skeleton.
The quokka skeleton is almost destroyed.
The quokka skeleton misses you.
The centaur hits you but does no damage.
You hit the quokka skeleton.
You destroy the quokka skeleton!
The centaur barely misses you. The orc closely misses you.
The centaur wields a +0 shortbow.
The centaur shoots an arrow.
The arrow completely misses you.
The centaur shoots an arrow.
The arrow completely misses you.
You see here 2 arrows.
There is an open door here.
You see here an adder skeleton.
The orc wizard shouts!
The orc shouts!
The orc priest shouts!
You hear a shout!
The orc priest calls down the wrath of Beogh upon you.
Beogh smites you!
You die...

....###..#########..........###
###.####.# #...........#
#..###.#### #########..#####
#.........# #..$......##
#........Z###......(..#
#.......÷...........†.# .
#.........###....o....# >
#..............oo.....#
####........###.@.....o.# .'
###......# #.........# ##
###....# ###<.#...## # ###..#
#..#..## # ######
#...o##########
.....##....#.........
#.....#.#.........
#####......#.........
#....................


You could see an orc priest, 2 orc wizards and an orc.

Vanquished Creatures
  A black bear (D:4)
  A sky beast (D:3)
  A bullfrog zombie (D:4)
  A hound (D:4)
  Jessica (D:2)
  5 worker ants
  5 adders
  4 worms
  5 dart slugs
  4 leopard geckos
  14 orcs
  10 bats
  2 giant cockroaches
  4 goblins
  8 hobgoblins
  3 jackals (D:3)
  10 kobolds
  6 quokkas
  2 ball pythons
  7 frilled lizards
  A quokka skeleton (D:5)
  5 rats
100 creatures vanquished.

Vanquished Creatures (others)
  7 fungi (D:4)
  5 toadstools (D:4)
12 creatures vanquished.

Grand Total: 112 creatures vanquished

Notes
Turn   | Place    | Note
-------+----------+-------------------------------------------
     0 | D:1      | ytrimaz the Spriggan Brigand began the quest for the Orb.
     0 | D:1      | Reached XP level 1. HP: 10/10 MP: 2/2
    22 | D:1      | Reached skill level 6 in Stealth
   186 | D:1      | You fall into a shaft and drop 1 floor!
   197 | D:2      | Noticed Jessica
   634 | D:1      | Reached XP level 2. HP: 14/14 MP: 3/3
  1176 | D:1      | You fall into a shaft and drop 1 floor!
  1944 | D:1      | Reached skill level 7 in Stealth
  1944 | D:1      | Reached XP level 3. HP: 18/18 MP: 4/4
  3076 | D:2      | Reached XP level 4. HP: 11/22 MP: 5/5
  3553 | D:2      | Reached skill level 8 in Stealth
  3680 | D:2      | Found a glowing golden altar of the Shining One.
  3692 | D:2      | Killed Jessica
  3806 | D:3      | Found a radiant altar of Vehumet.
  4709 | D:3      | Found a white marble altar of Elyvilon.
  4954 | D:3      | Reached XP level 5. HP: 18/25 MP: 6/6
  5272 | D:3      | Found a faded altar of an unknown god.
  5289 | D:3      | Noticed a sky beast
  5296 | D:3      | Killed a sky beast
  5532 | D:4      | Found an ornate altar of the Wu Jian Council.
  6103 | D:4      | Noticed a black bear
  6110 | D:4      | Killed a black bear
  6111 | D:4      | Reached skill level 9 in Stealth
  6111 | D:4      | Reached XP level 6. HP: 30/30 MP: 7/7
  7006 | D:4      | Reached skill level 5 in Dodging
  7180 | D:4      | Found a stormy altar of Qazlal.
  7180 | D:4      | Found a hazy altar of Hepliaklqana.
  7186 | D:4      | Found a faded altar of an unknown god.
  7196 | D:4      | Found a faded altar of an unknown god.
  7197 | D:4      | Found a shimmering altar of Xom.
  7250 | D:4      | Found a runed translucent door.
  7251 | D:4      | Noticed Crazy Yiuf
  7546 | D:5      | Entered Level 5 of the Dungeon
  7579 | D:5      | Reached XP level 7. HP: 33/33 MP: 8/8
  7600 | D:5      | Found a sacrificial altar of Ru.
  7695 | D:5      | Found a hide-covered altar of Uskayaw.
  8052 | D:5      | Killed from afar by an orc priest

Illustrated notes

Levels and vault maps discovered:
D:1:      dpeg_arrival_rooms_b, layout_basic, minmay_misc_feat_four_crosses
D:2:      layout_loops_ring, nicolae_tso_swordbearing_angel,
          minmay_diced_spiral, uniq_jessica
D:3:      layout_loops_corners, lemuel_round_altar,
          chequers_ecumenical_altar_grove, hangedman_feature_mirror,
          elyvilon_altar_5
D:4:      layout_rooms, chequers_temple_overflow_minitemple,
          nzn_wu_jian_contemplation, corexii_corridor_pit,
          minmay_gold_behind_fungi, st_stairs_3, uniq_crazy_yiuf_cottage
D:5:      minmay_skewed_foursquare, layout_rooms,
          eat_drink_and_be_merry_uskayaw, nicolae_ru_awakened_eye

Skill      XL: |  1  2  3  4  5  6 |
---------------+-------------------+-----
Stealth        | 6 7 8 9 |  9.9
Dodging        | 2 3 4 5 |  5.4
Short Blades   | 3 |  3.9
Throwing       | 3 |  3.3
Fighting       | |  1.5

Action                   |  1- 3 |  4- 6 |  7- 9 || total
-------------------------+-------+-------+-------++-------
Melee: Dagger            |   133 |   245 |    26 ||   404
Throw: Dart              |    44 |    11 |       ||    55
  Use: Scroll            |     4 |     1 |       ||     5
       Potion            |     2 |       |       ||     2
 Stab: Sleeping          |    14 |    17 |     2 ||    33
Armor: Robe              |     8 |    14 |     4 ||    26
Dodge: Dodged            |   104 |   193 |    30 ||   327
